 Dungeon Crawl Stone Soup version 0.31-a0-1589-g8f5e8aebd6 (webtiles) character file.

Game seed: 15207937706291996678

790 pokeman the Thaumaturge (level 7, -5/40 HPs)
             Began as a Deep Elf Hedge Wizard on Jan 5, 2024.
             Slain by a gnoll
             ... wielding a +0 halberd
              (8 damage)
             ... on level 4 of the Dungeon.
             The game lasted 00:08:32 (4243 turns).

pokeman the Thaumaturge (Deep Elf Hedge Wizard)     Turns: 4243, Time: 00:08:32

Health: -5/40      AC:  6    Str:  7    XL:     7   Next: 57%
Magic:  7/20       EV: 13    Int: 21    God:
Gold:   221        SH:  0    Dex: 14    Spells: 14/22 levels left

rFire   . . .        t - +2 dagger (venom)
rCold   . . .        (no shield)
rNeg    . . .        b - +0 robe
rPois   .            c - +0 hat
rElec   .            (no cloak)
rCorr   .            (no gloves)
SInv    .            (no boots)
Will    .....        (no amulet)
Stlth   +            e - +4 ring of protection
HPRegen 0.26/turn    (no ring)
MPRegen 0.17/turn

%: no passive effects
@: confused, very slightly contaminated
A: no striking features
a: no special abilities


You were on level 4 of the Dungeon.
You visited 1 branch of the dungeon, and saw 4 of its levels.

You collected 221 gold pieces.

Inventory:

Hand Weapons
 s - a +3 dagger of holy wrath
 t - a +2 dagger of venom (weapon)
 w - a +0 dagger of pain
Missiles
 y - 3 throwing nets
Armour
 b - a +0 robe (worn)
 c - a +0 hat (worn)
Magical Staves
 j - a staff of air
 r - a staff of cold
Jewellery
 e - a +4 ring of protection (left hand)
Wands
 u - a wand of paralysis (7)
 v - a wand of digging (7)
Scrolls
 h - 3 scrolls of identify {unknown}
 i - a scroll of revelation {unknown}
 l - a scroll of blinking {unknown}
 n - 2 scrolls of torment {unknown}
 p - 3 scrolls of teleportation {unknown}
 x - a scroll of fear {unknown}
Potions
 a - a potion of enlightenment {unknown}
 d - a potion of magic
 f - 2 potions of mutation {unknown}
 g - a potion of curing {unknown}
 k - a potion of degeneration {unknown}
 m - a potion of ambrosia {unknown}
 o - a potion of heal wounds {unknown}
 q - 3 potions of resistance {unknown}


   Skills:
 - Level 2.1 Fighting
 + Level 1.1 Armour
 - Level 3.0 Dodging
 - Level 3.0 Stealth
 * Level 8.3 Spellcasting
 + Level 4.0 Conjurations
 - Level 1.1 Summonings
 - Level 1.1 Translocations
 + Level 2.6 Ice Magic
 - Level 1.0 Air Magic
 - Level 1.0 Alchemy
 - Level 1.0 Evocations


You had 14 spell levels left.
You knew the following spells:

 Your Spells              Type           Power      Damage    Failure   Level
a - Magic Dart            Conj           100%       1d8       1%          1
b - Mephitic Cloud        Conj/Alch/Air  17%        N/A       10%         3
c - Call Imp              Summ           26%        N/A       8%          2
d - Blink                 Tloc           26%        N/A       8%          2

Your spell library contained the following spells:

 Spells                   Type           Power      Damage    Failure   Level
 Hailstorm                Conj/Ice       22%        3d7       6%          3
 Slow                     Hex            32%        N/A       8%          1
 Cigotuvi's Dreadful Rot  Necr/Alch/Air  22%        N/A       9%          2
 Summon Ice Beast         Ice/Summ       16%        N/A       11%         3
 Call Canine Familiar     Summ           13%        N/A       14%         3
 Sigil of Binding         Hex            8%         N/A       24%         3
 Dimensional Bullseye     Hex/Tloc       5%         N/A       52%         4
 Sculpt Simulacrum        Ice/Alch       8%         N/A       99%         6


Dungeon Overview and Level Annotations

Branches:
Dungeon (4/15)
 Temple: D:4-7

Altars:
Sif Muna
Uskayaw


Message History

The gnoll is engulfed in noxious fumes.
The gnoll appears confused.
Unknown command.
Unknown command.
Unknown command.
You are engulfed in noxious fumes.
You feel less confused. The gnoll barely misses you.
The gnoll is engulfed in noxious fumes.
The gnoll appears confused.
The gnoll hits you with a +0 flail.
Unknown command.
You catch the helpless gnoll completely off-guard!
You puncture the gnoll!
The gnoll is poisoned.
The gnoll is severely wounded.
You are engulfed in noxious fumes.
You choke on the stench!
You are confused.
The gnoll is engulfed in noxious fumes.
The gnoll appears confused.
The gnoll barely misses you. The gnoll hits you with a +0 whip.
The gnoll completely misses you.
You bump into the rock wall.
You are engulfed in noxious fumes.
You choke on the stench!
You are more confused.
The gnoll is engulfed in noxious fumes.
The gnoll appears confused.
The gnoll misses you.
The gnoll hits you from afar with a +0 halberd!
* * * LOW HITPOINT WARNING * * *
You hit the gnoll but do no damage.
The gnoll is poisoned.
You are engulfed in noxious fumes.
The gnoll is engulfed in noxious fumes.
The gnoll hits you with a +0 flail.
* * * LOW HITPOINT WARNING * * *
The gnoll closely misses you. The gnoll completely misses you.
Unknown command.
You hit the gnoll.
The gnoll looks as sick as possible!
The gnoll is moderately wounded.
You are engulfed in noxious fumes.
You choke on the stench!
You are more confused.
A gnoll comes into view. It is wielding a +0 flail.
The gnoll is engulfed in noxious fumes.
The gnoll appears confused.
The gnoll hits you with a +0 whip.
* * * LOW HITPOINT WARNING * * *
The gnoll hits you from afar with a +0 halberd!
You die...

#... ### .....
'...+ ...#####...
# .'.#... ##.
###.#)#
....#.....#
#.'.....#
###.°☼°.#
#####@#'#
#g'..ggg#.......#
###...#####...###
..##
#.......#.+...+
.....
#'#...#'#.#####
...# ..
#...#.....# ...
.# ##+##.....+
##'## #..#.....#
#...#.
##.#'#.#####
#+#...#'


You could see 4 gnolls.

Vanquished Creatures
  Pikel (D:4)
  4 lemures (D:4)
  A jelly (D:4)
  A bombardier beetle (D:4)
  An iguana (D:4)
  Natasha (thrice) (D:2)
  An orc wizard (D:3)
  6 gnolls
  2 adders (D:2)
  3 dart slugs
  3 ribbon worms
  10 orcs
  6 bats
  9 endoplasms
  2 giant cockroaches
  6 goblins
  2 hobgoblins
  6 jackals
  4 quokkas
  6 ball pythons
  2 frilled lizards
  6 kobolds
  6 rats
91 creatures vanquished.

Notes
Turn   | Place    | Note
-------+----------+-------------------------------------------
     0 | D:1      | pokeman the Deep Elf Hedge Wizard began the quest for the
                  | Orb.
     0 | D:1      | Reached XP level 1. HP: 10/10 MP: 7/7
   180 | D:1      | Reached XP level 2. HP: 13/16 MP: 2/9
   750 | D:1      | Reached skill level 5 in Spellcasting
  1138 | D:2      | Reached XP level 3. HP: 19/20 MP: 6/11
  1143 | D:2      | Learned a level 3 spell: Mephitic Cloud
  1146 | D:2      | Learned a level 2 spell: Call Imp
  1149 | D:2      | Learned a level 2 spell: Blink
  1326 | D:2      | Reached skill level 1 in Armour
  1447 | D:2      | Reached skill level 1 in Fighting
  1605 | D:2      | Noticed Natasha
  1613 | D:2      | Killed Natasha
  1614 | D:2      | Reached XP level 4. HP: 24/25 MP: 6/13
  2179 | D:2      | Noticed Natasha
  2189 | D:2      | Killed Natasha
  2402 | D:2      | Noticed Natasha
  2409 | D:2      | Killed Natasha
  2410 | D:2      | Reached skill level 6 in Spellcasting
  2410 | D:2      | Reached XP level 5. HP: 21/29 MP: 7/15
  3017 | D:3      | Found a hide-covered altar of Uskayaw.
  3320 | D:3      | Reached skill level 1 in Evocations
  3518 | D:4      | Reached skill level 1 in Air Magic
  3518 | D:4      | Reached skill level 1 in Alchemy
  3647 | D:4      | Found a shimmering blue altar of Sif Muna.
  3667 | D:4      | Reached XP level 6. HP: 34/34 MP: 14/17
  3711 | D:4      | Noticed Pikel
  3869 | D:4      | Killed Pikel
  3870 | D:4      | Reached skill level 8 in Spellcasting
  3870 | D:4      | Reached XP level 7. HP: 40/40 MP: 15/20
  4205 | D:4      | Identified the +9 great sword of Hegrann {flame, Str+2}
  4243 | D:4      | Slain by a gnoll

Illustrated notes

Levels and vault maps discovered:
D:1:      dpeg_arrival_short_road, layout_basic, minmay_small_reverse_x
D:2:      layout_rooms, serial_forest, infiniplex_forest_lined_3_way,
          infiniplex_forest_end_2, infiniplex_forest_join,
          infiniplex_forest_lined_2, infiniplex_forest_end_1,
          infiniplex_forest_lined_4_way, uniq_natasha
D:3:      layout_rooms, overflow_temple_1_default
D:4:      nicolae_cairo_tiling_large, layout_cave_pods, led_sif_pool,
          serial_column_ruins, column_ruins_open_medium,
          column_ruins_open_medium, column_ruins_open_small,
          column_ruins_grid_2, uniq_pikel

Skill      XL: |  1  2  3  4  5  6  7 |
---------------+----------------------+-----
Spellcasting   | 5 6 8 |  8.3
Armour         | 1 |  1.1
Fighting       | 1 2 |  2.1
Conjurations   | 2 3 4 |  4.0
Dodging        | 3 |  3.0
Stealth        | 3 |  3.0
Evocations     | 1 |  1.0
Air Magic      | 1 |  1.0
Alchemy        | 1 |  1.0
Ice Magic      | 2 |  2.6
Summonings     | |  1.1
Translocations | |  1.1

Action                     |  1- 3 |  4- 6 |  7- 9 || total
---------------------------+-------+-------+-------++-------
  Melee: Dagger            |     6 |    16 |    19 ||    41
         Whip              |     5 |    23 |       ||    28
         Punch             |       |     1 |       ||     1
   Cast: Magic Dart        |    92 |    90 |    11 ||   193
         Mephitic Cloud    |     1 |    10 |     5 ||    16
         Blink             |       |     1 |       ||     1
   Stab: Confused          |     1 |     6 |     2 ||     9
 Armour: Robe              |    12 |    27 |     8 ||    47
  Dodge: Dodged            |    13 |    20 |    15 ||    48

Table legend: (Time is in decaauts)
 A = Elapsed time spent in this place.
 B = Non-inter-level travel time spent in this place.
 C = Inter-level travel time spent in this place.
 D = Time resting spent in this place.
 E = Time spent auto-exploring this place.
 F = Levels seen in this place.
 G = Mean time per level.
                   A        B        C        D        E       F      G
               +--------+--------+--------+--------+--------+-----+--------+
         Total |   4245 |   4004 |    241 |    279 |   3125 |   4 | 1061.2 |
       Dungeon |   4245 |   4004 |    241 |    279 |   3125 |   4 | 1061.2 |
               +--------+--------+--------+--------+--------+-----+--------+

Top non-repeatable levels by time:
     D:2: 1437 daAuts
     D:1: 1128 daAuts
     D:3: 1024 daAuts
     D:4: 655 daAuts
